 Dungeon Crawl Stone Soup version 0.23.2-1-ga50397a (webtiles) character file.

Game seed: 6708408785848244034

68 pimplearse the Skirmisher (level 4, 0/35 HPs)
             Began as a Mummy Fighter on May 30, 2019.
             Slain by Natasha (3 damage)
             ... on level 3 of the Dungeon.
             The game lasted 00:02:38 (2346 turns).

pimplearse the Skirmisher (Mummy Fighter)           Turns: 2346, Time: 00:02:41

Health: 0/35       AC: 10    Str: 20    XL:     4   Next: 1%
Magic:  4/4        EV:  5    Int:  7    God:
Gold:   140        SH:  9    Dex: 11    Spells: 3/3 levels left

rFire    x . .     SeeInvis .   a - +0 war axe
rCold    + . .     Gourm    .   c - +0 shield
rNeg     + + +     Faith    .   g - +0 chain mail
rPois    ∞         Spirit   .   (no helmet)
rElec    .         Reflect  .   (no cloak)
rCorr    .         Harm     .   e - +0 pair of gloves
MR       .....                  (no boots)
Stlth    ..........             (no amulet)
HPRegen  0.11/turn              (no ring)
MPRegen  0.09/turn              (no ring)

@: slowed, very slow
A: no food or potions, fire vulnerability, cold resistance 1, negative energy
resistance 3, torment resistance, unbreathing
a: no special abilities


You were on level 3 of the Dungeon.
You were not hungry.

You visited 1 branch of the dungeon, and saw 3 of its levels.

You collected 140 gold pieces.

Inventory:

Hand Weapons
 a - a +0 war axe (weapon)
Armour
 b - a +0 scale mail
 c - a +0 shield (worn)
 e - a +0 pair of gloves (worn)
 g - a +0 chain mail (worn)
 j - a +0 plate armour
Scrolls
 d - 2 scrolls of remove curse {unknown}
 f - 2 scrolls of fog {unknown}
 h - a scroll of random uselessness {unknown}
 i - a scroll of enchant weapon {unknown}


   Skills:
 - Level 3.5 Fighting
 + Level 2.2 Axes
 + Level 3.0 Armour
 - Level 2.8 Shields


You had 3 spell levels left.
You didn't know any spells.
Your spell library contained the following spells:

 Spells                   Type           Power        Failure   Level  Hunger
 Sticks to Snakes         Tmut           #.......     100%        2    N/A
 Beastly Appendage        Tmut           Unusable     N/A         1    N/A
 Spider Form              Tmut/Pois      Unusable     N/A         3    N/A
 Ice Form                 Ice/Tmut       Unusable     N/A         4    N/A
 Blade Hands              Tmut           Unusable     N/A         5    N/A

Dungeon Overview and Level Annotations

Branches:
Dungeon (3/15)

Altars:
Makhleb
Vehumet
Wu Jian

Annotations:
D:3 1 runed translucent door, Natasha; sankara's ghost, amateur HOFi


Innate Abilities, Weirdness & Mutations

You do not eat or drink.
Your flesh is vulnerable to fire.
You are immune to poison.
Your flesh is cold resistant. (rC+)
You are immune to negative energy. (rN+++)
You are immune to unholy pain and torment.
You can survive without breathing.


Message History

The iron imp hits you. You block Natasha's attack.
You barely miss Natasha.
Natasha is severely wounded.
You hit the iron imp but do no damage. You block the iron imp's attack.
Natasha stares at you and mumbles some strange words.
You feel yourself slow down. The iron imp hits you.
You hit Natasha but do no damage.
Natasha is severely wounded.
You hit the iron imp but do no damage.
The iron imp disappears in a puff of smoke!
Natasha casts a spell at you. You resist with some effort. Natasha claws you.
* * * LOW HITPOINT WARNING * * *
You hit Natasha but do no damage.
Natasha is severely wounded.
Natasha stares at you and mumbles some strange words.
The magic dart hits you.
* * * LOW HITPOINT WARNING * * *
Natasha claws you.
You die...

.## ...# ... ... #.#
# #.# #.###.#
###.h@..# ..........#
#########.# #.# . #.#
####. #.# #####....
#####.### #........
#.......####.#......
##.###.#.............


You could see Natasha.

Vanquished Creatures
  2 adders
  2 dart slugs
  A leopard gecko (D:1)
  A ball python (D:2)
  3 giant cockroaches
  11 goblins
  2 hobgoblins (D:1)
  A quokka (D:2)
  5 bats
  5 frilled lizards
  6 kobolds
  5 rats
44 creatures vanquished.

Vanquished Creatures (others)
  5 toadstools (D:1)
5 creatures vanquished.

Grand Total: 49 creatures vanquished

Notes
Turn   | Place    | Note
-------+----------+-------------------------------------------
     0 | D:1      | pimplearse the Mummy Fighter began the quest for the Orb.
     0 | D:1      | Reached XP level 1. HP: 18/18 MP: 1/1
   301 | D:1      | Reached XP level 2. HP: 23/24 MP: 2/2
  1159 | D:2      | Reached XP level 3. HP: 20/29 MP: 3/3
  1649 | D:2      | Found a faded altar of an unknown god.
  1795 | D:2      | Found an ornate altar of the Wu Jian Council.
  1795 | D:2      | Found a faded altar of an unknown god.
  2084 | D:2      | Found a burning altar of Makhleb.
  2086 | D:2      | Found a radiant altar of Vehumet.
  2088 | D:2      | Found a faded altar of an unknown god.
  2161 | D:3      | Found a runed translucent door.
  2164 | D:3      | Noticed sankara's ghost (amateur HOFi)
  2332 | D:3      | Noticed Natasha
  2336 | D:3      | Reached XP level 4. HP: 35/35 MP: 4/4
  2346 | D:3      | Slain by Natasha

Skill      XL: |  1  2  3 |
---------------+----------+-----
Axes           | 2 |  2.2
Armour         | 3 |  3.0
Fighting       | |  3.5
Shields        | |  2.8

Action                   |  1- 3 |  4- 6 || total
-------------------------+-------+-------++-------
Melee: War axe           |   161 |    10 ||   171
Armor: Scale mail        |    43 |       ||    43
       Chain mail        |    41 |     7 ||    48
Dodge: Dodged            |    39 |     1 ||    40
Block: Shield            |    83 |     8 ||    91
